 Dungeon Crawl Stone Soup version 0.23.2-40-g277498a001 (webtiles) character file.

Game seed: 16677102886083049485

148 Destapler the Poker (level 5, -1/61 HPs)
             Began as a Merfolk Gladiator on Aug 18, 2019.
             Slain by a goblin
             ... wielding a +0 club
             ... led by Robin
              (3 damage)
             ... on level 3 of the Dungeon.
             The game lasted 00:07:30 (3433 turns).

Destapler the Poker (Merfolk Gladiator)             Turns: 3433, Time: 00:07:30

Health: -1/61      AC:  4    Str: 20    XL:     5   Next: 30%
Magic:  14/14      EV: 15    Int:  7    God:
Gold:   189        SH:  0    Dex: 16    Spells: 4/4 levels left

rFire    + . .     SeeInvis .   a - +0 trident
rCold    + . .     Gourm    .   (no shield)
rNeg     . . .     Faith    .   b - +0 leather armour
rPois    .         Spirit   .   c - +0 helmet
rElec    .         Reflect  .   h - scarf {rC+ rF+}
rCorr    .         Harm     .   (no gloves)
MR       .....                  (no boots)
Stlth    ..........             o - amulet of the acrobat
HPRegen  0.20/turn              q - ring of magical power
MPRegen  0.14/turn              (no ring)

@: berserking (expiring), very quick
A: change form in water, swift swim, stealthy swim
a: no special abilities


You were on level 3 of the Dungeon.
You were not hungry.

You visited 1 branch of the dungeon, and saw 3 of its levels.

You collected 189 gold pieces.

Inventory:

Hand Weapons
 a - a +0 trident (weapon)
Missiles
 d - 3 throwing nets {!f}
 p - 96 stones (quivered)
 u - 6 tomahawks
Armour
 b - a +0 leather armour (worn)
 c - a +0 helmet (worn)
 h - a scarf of resistance (worn)
Jewellery
 o - an amulet of the acrobat (around neck)
 q - a ring of magical power (left hand)
Scrolls
 e - 3 scrolls of remove curse
 g - 5 scrolls of identify {unknown}
 i - 3 scrolls of random uselessness {unknown}
 t - a scroll of magic mapping {unknown}
Potions
 k - a potion of cancellation {unknown}
 l - a potion of might {unknown}
 n - a potion of invisibility {unknown}
 r - a potion of degeneration {unknown}
 s - a potion of ambrosia {unknown}
Comestibles
 f - 4 rations
 j - 4 chunks of flesh


   Skills:
 + Level 3.4 Fighting
 + Level 5.6 Polearms
 + Level 3.1 Throwing
 + Level 5.2 Dodging


You had 4 spell levels left.
You didn't know any spells.
Your spell library was empty.

Dungeon Overview and Level Annotations

Branches:
Dungeon (3/15)

Altars:


Message History

You kill the goblin!
The goblin hits you with a +0 club.
* * * LOW HITPOINT WARNING * * *
The hobgoblin hits you but does no damage.
The goblin closely misses you.
Robin roars a battlecry!
The goblins go into a battle-frenzy!
You are too berserk!
You hit Robin.
Robin is almost dead.
The hobgoblin barely misses you. The goblin completely misses you.
You puncture Robin!
You kill Robin!
The goblin no longer looks unusually strong.
The goblin barely misses you. x2; The hobgoblin barely misses you.
You puncture the hobgoblin!
You kill the hobgoblin!
The goblin barely misses you. The goblin hits you but does no damage.
The goblin hits you with a +0 club.
You die...

####### ##### ##.....#
##...## ##....... ##.....##
#........ #.......#
#........ #.......#
#........
.####.....))########......(.
..........)@g...............
..........ggg....###........
......)$)....###.###........
.##.#.......................
#..#......................
##......#.................
#####.[#.........#.......
##...........#.......
####.#.###.....<..#.


You could see a hobgoblin and 3 goblins.

Vanquished Creatures
  Robin (D:3)
  3 adders
  2 oozes (D:1)
  A worm (D:3)
  2 dart slugs (D:1)
  3 leopard geckos
  4 orcs (D:3)
  15 giant cockroaches
  12 goblins
  6 hobgoblins
  4 jackals (D:1)
  2 quokkas
  6 bats
  5 frilled lizards
  8 kobolds
  7 rats
81 creatures vanquished.

Notes
Turn   | Place    | Note
-------+----------+-------------------------------------------
     0 | D:1      | Destapler the Merfolk Gladiator began the quest for the
                  | Orb.
     0 | D:1      | Reached XP level 1. HP: 16/16 MP: 1/1
   196 | D:1      | Reached XP level 2. HP: 23/23 MP: 2/2
   771 | D:1      | Reached XP level 3. HP: 28/28 MP: 3/3
   995 | D:1      | Reached skill level 5 in Polearms
  1919 | D:2      | Reached XP level 4. HP: 34/34 MP: 4/4
  2749 | D:3      | Reached skill level 5 in Dodging
  3009 | D:3      | Reached XP level 5. HP: 36/41 MP: 5/5
  3408 | D:3      | Noticed Robin
  3430 | D:3      | HP: 2/61 [goblin/+0 club[Robin] (4)]
  3432 | D:3      | Killed Robin
  3433 | D:3      | Slain by a goblin

Skill      XL: |  1  2  3  4 |
---------------+-------------+-----
Polearms       | 5 |  5.6
Fighting       | 3 |  3.4
Dodging        | 5 |  5.2
Throwing       | 3 |  3.1

Action                   |  1- 3 |  4- 6 || total
-------------------------+-------+-------++-------
Melee: Trident           |   118 |   131 ||   249
Throw: Stone             |     3 |    20 ||    23
       Throwing net      |     2 |       ||     2
  Use: Scroll            |     1 |       ||     1
       Potion            |       |     1 ||     1
 Stab: Sleeping          |     2 |     1 ||     3
       Distracted        |     1 |       ||     1
  Eat: Chunk             |     3 |     5 ||     8
Armor: Leather armour    |    12 |    51 ||    63
       Robe              |     1 |       ||     1
Dodge: Dodged            |    56 |   163 ||   219
